 Dungeon Crawl Stone Soup version 0.27.1-1-g398f81649c (webtiles) character file.

Game seed: 2720329897789899886

116 speeev33 the Skirmisher (level 5, -7/47 HPs)
             Began as a Hill Orc Fighter on Sept 5, 2021.
             Mangled by a gnoll (14 damage)
             ... on level 3 of the Dungeon.
             The game lasted 00:02:26 (2660 turns).

speeev33 the Skirmisher (Hill Orc Fighter)          Turns: 2660, Time: 00:02:27

Health: -7/47      AC:  6    Str: 20    XL:     5   Next: 1%
Magic:  5/5        EV:  7    Int:  8    God:
Gold:   87         SH:  9    Dex: 10    Spells: 4/4 levels left

rFire    . . .     SeeInvis .   a - +1 war axe
rCold    . . .     Faith    .   c - +0 kite shield
rNeg     . . .     Spirit   .   b - +0 scale mail
rPois    .         Reflect  .   (no helmet)
rElec    .         Harm     .   (no cloak)
rCorr    .         Rampage  .   (no gloves)
Will     .....                  (no boots)
Stlth    ..........             (no amulet)
HPRegen  0.15/turn              (no ring)
MPRegen  0.09/turn              (no ring)

@: mighty
A: no striking features
a: no special abilities


You were on level 3 of the Dungeon.
You visited 1 branch of the dungeon, and saw 3 of its levels.

You collected 87 gold pieces.

Inventory:

Hand Weapons
 a - a +1 war axe (weapon)
Armour
 b - a +0 scale mail (worn)
 c - a +0 kite shield (worn)
Scrolls
 f - 2 scrolls of teleportation
 h - 2 scrolls of fog
Potions
 e - a potion of berserk rage {unknown}
 g - a potion of degeneration {unknown}


   Skills:
 + Level 4.8 Fighting
 + Level 4.3 Axes
 - Level 3.2 Armour
 + Level 4.4 Shields


You had 4 spell levels left.
You didn't know any spells.
Your spell library was empty.

Dungeon Overview and Level Annotations

Branches:
Dungeon (3/15)

Altars:


Message History

You are too injured to fight recklessly!
You are too injured to fight recklessly!
You are too injured to fight recklessly!
You are too injured to fight recklessly!
You are too injured to fight recklessly!
Unknown command.
You block the jackal's attack. The jackal completely misses you.
The jackal bites you but does no damage.
The jackal bites you but does no damage. x2
There is a stone staircase leading down here.
You block the jackal's attack.
You closely miss the jackal.
The jackal bites you but does no damage.
You block the jackal's attack.
You closely miss the jackal.
The jackal bites you but does no damage. x2
You closely miss the jackal. The jackal bites you.
You block the jackal's attack.
You closely miss the jackal. The jackal barely misses you.
You block the jackal's attack.
You slash the jackal!
You kill the jackal!
The giant cockroach closely misses you. You block the gnoll's attack.
You have reached level 5!
You feel stronger.
Sorry, you're not good enough to have a special ability.
You feel very mighty all of a sudden.
The giant cockroach bites you but does no damage.
You block the gnoll's attack.
You slash the giant cockroach!
You kill the giant cockroach!
The gnoll hits you but does no damage. The gnoll hits you with a +0 halberd!
* * * LOW HITPOINT WARNING * * *
Things that are here:
a giant cockroach corpse; a jackal corpse Your shield and scale mail prevent you from hitting the gnoll.
You block the gnoll's attack. The gnoll hits you with a +0 halberd!
You die...

#.# #.# ############ #)#
#...#......# #.### #.#.÷..###.#
#)##. #...#..###.####.##.
##.##..............
#.##.####.##.....#
#@##.####.###...## #g##......#
##.## ##.#.#########.#########
#.# ...............P.....# #(#
≈≈≈≈≈≈≈≈≈≈≈≈≈≈≈≈≈....# ##'##
≈≈≈≈≈≈≈≈≈≈≈≈≈≈≈≈≈....# ##...##
≈≈≈≈≈≈≈≈≈≈#####≈≈....# ##.....#
..........#go.#≈≈....###.......
###########...#≈≈....##........


You could see 2 gnolls and an orc.

Vanquished Creatures
  A gnoll (D:1)
  4 adders (D:3)
  A worm (D:2)
  3 dart slugs
  3 orcs (D:3)
  2 bats
  6 endoplasms
  3 giant cockroaches
  2 goblins
  7 hobgoblins
  4 jackals
  2 quokkas
  5 ball pythons
  3 frilled lizards
  3 kobolds
  7 rats
56 creatures vanquished.

Notes
Turn   | Place    | Note
-------+----------+-------------------------------------------
     0 | D:1      | speeev33 the Hill Orc Fighter began the quest for the Orb.
     0 | D:1      | Reached XP level 1. HP: 19/19 MP: 1/1
   139 | D:1      | Reached XP level 2. HP: 11/27 MP: 2/2
   454 | D:1      | Reached XP level 3. HP: 33/33 MP: 3/3
  1493 | D:2      | Found a faded altar of an unknown god.
  1707 | D:3      | Reached XP level 4. HP: 26/41 MP: 4/4
  2657 | D:3      | Reached XP level 5. HP: 17/47 MP: 5/5
  2660 | D:3      | Mangled by a gnoll

Illustrated notes

Levels and vault maps discovered:
D:1:      saegor_arrival_simple_a, layout_loops_ring
D:2:      layout_rooms, hellmonk_ecumenical_altar_lost_god,
          minmay_misc_feat_four_crosses, minmay_misc_feat_pillars
D:3:      lemuel_castle_with_subvaults [lemuel_castle_interior_original],
          layout_loops_corners, serial_shops, shop

Skill      XL: |  1  2  3  4 |
---------------+-------------+-----
Axes           | 3 4 |  4.3
Fighting       | 4 |  4.8
Shields        | 4 |  4.4
Armour         | |  3.2

Action                   |  1- 3 |  4- 6 || total
-------------------------+-------+-------++-------
Melee: War axe           |    93 |    62 ||   155
  Use: Scroll            |     5 |       ||     5
       Potion            |       |     1 ||     1
Armor: Scale mail        |    32 |    33 ||    65
Dodge: Dodged            |    16 |    25 ||    41
Block: Kite shield       |    45 |    43 ||    88
